 Dungeon Crawl Stone Soup version 0.31.0-1-g2c135a0 (webtiles) character file.

Game seed: 8830585658710822163

1616838 ww7 the Petrodigitator (level 27, 193/209 HPs)
             Began as a Hill Orc Earth Elementalist on Apr 12, 2024.
             Was a High Priest of Sif Muna.
             Escaped with the Orb
             ... and 3 runes!
             The game lasted 04:47:52 (74706 turns).

ww7 the Petrodigitator (HOEE)                      Turns: 74706, Time: 04:47:53

Health: 193/209    AC: 19    Str: 13 (15) XL:     27
Magic:  22/56      EV: 12    Int: 37      God:    Sif Muna [*****.]
Gold:   2992       SH:  0    Dex: 12 (14) Spells: 7/59 levels left

rFire   + + +        j - staff of Ru's Inspiration {rC+ Int+7 Stlth- Ice}
rCold   + + .        M - orb "Nyirph" {light, rF+ Stlth+}
rNeg    + + .        O - +3 troll leather armour
rPois   .            J - +2 helmet {Int+3}
rElec   +            u - +0 cloak of the Vaults {rF+++ rC+ Regen+ Int+2}
rCorr   +            A - +5 pair of gloves of Tomorrow {rCorr}
SInv    +            g - +2 pair of boots {Fly}
Will    +++..        I - amulet of Hospitality {RegenMP rN+}
Stlth   +            V - ring of Romaibiywu {rN+ Will+ SInv}
HPRegen 2.14/turn    C - ring "Posar" {rElec rF+ MP+9 Dex+3}
MPRegen 0.75/turn

%: no passive effects
@: flying, glowing
A: deformed body, high MP 1, robust 1
0: Orb of Zot
}: 3/15 runes: decaying, serpentine, silver
a: Renounce Religion, Channel Magic, Forget Spell, Divine Exegesis


You escaped.
You worshipped Sif Muna.
Sif Muna was extremely pleased with you.
You visited 9 branches of the dungeon, and saw 45 of its levels.
You visited 1 bazaar.
You also visited: Bailey and Wizlab.

You collected 8503 gold pieces.
You spent 5511 gold pieces at shops.

Inventory:

Missiles
 q - 9 curare-tipped darts (quivered)
 X - 8 throwing nets {!f}
Armour
 g - a +2 pair of boots of flying (worn)
 u - the +0 cloak of the Vaults (worn) {rF+++ rC+ Regen+ Int+2}
   (You found it in a wizard's laboratory)

   Int+2:     It affects your intelligence (+2).
   rF+++:     It renders you almost immune to fire.
   rC+:       It protects you from cold.
   Regen+:    It increases your rate of health regeneration.
 v - a +1 buckler of protection
 A - the +5 pair of gloves of Tomorrow (worn) {rCorr}
   (You bought it in a shop on level 2 of the Dungeon)

   rCorr:     It protects you from acid and corrosion.
 J - a +2 helmet of intelligence (worn)
 M - the orb "Nyirph" (worn) {light, rF+ Stlth+}
   (You took it off Frederick on level 4 of the Vaults)

   rF+:       It protects you from fire.
   Stlth+:    It makes you more stealthy.
 O - a +3 troll leather armour (worn)
 Z - an orb of energy
Magical Staves
 j - the staff of Ru's Inspiration (weapon) {rC+ Int+7 Stlth- Ice}
   (You found it on level 2 of the Depths)

   [staff of cold]

   Base accuracy: +5 Base damage: 5 Base attack delay: 1.2 This weapon's minimum
   attack delay (0.6) is reached at skill level 12.
   Int+7:     It affects your intelligence (+7).
   rC+:       It protects you from cold.
   Stlth-:    It makes you less stealthy.
   Ice:       It increases the power of your Ice spells.
   It falls into the 'Staves' category.
   It is a one-handed weapon.
 x - a staff of alchemy
Jewellery
 C - the ring "Posar" (right hand) {rElec rF+ MP+9 Dex+3}
   (You acquired it on level 4 of the Swamp)

   [ring of magical power]

   Dex+3:     It affects your dexterity (+3).
   rF+:       It protects you from fire.
   rElec:     It insulates you from electricity.
   MP+9:      It affects your magic capacity (+9).
 I - the amulet of Hospitality (around neck) {RegenMP rN+}
   (You acquired it on level 11 of the Dungeon)

   [amulet of magic regeneration]

   RegenMP:   It increases your rate of magic regeneration.
   rN+:       It protects you from negative energy.
 K - a +4 ring of slaying
 V - the ring of Romaibiywu (left hand) {rN+ Will+ SInv}
   (You acquired it on level 2 of the Orcish Mines)

   [ring of willpower]

   rN+:       It protects you from negative energy.
   Will+:     It increases your willpower.
   SInv:      It lets you see invisible.
Wands
 b - a wand of iceblast (31)
 e - a wand of digging (15)
 y - a wand of quicksilver (41)
 F - a wand of mindburst (48)
 N - a wand of polymorph (20)
 P - a wand of charming (37)
Scrolls
 a - 2 scrolls of silence
 d - 2 scrolls of identify
 i - 3 scrolls of fog
 m - 3 scrolls of butterflies
 n - 7 scrolls of poison
 o - a scroll of revelation {!r}
 p - 3 scrolls of immolation
 s - 9 scrolls of vulnerability
 w - 22 scrolls of teleportation
 B - 5 scrolls of blinking
 D - 4 scrolls of enchant armour
 E - 2 scrolls of amnesia
 U - 4 scrolls of fear
Potions
 c - 5 potions of ambrosia
 f - 23 potions of curing
 k - 8 potions of mutation
 l - 2 potions of brilliance
 r - 7 potions of resistance
 t - 7 potions of enlightenment
 z - 4 potions of invisibility
 G - 4 potions of cancellation
 H - 2 potions of haste
 L - 4 potions of magic
 S - 10 potions of heal wounds {!q}
 T - 9 potions of lignification
Miscellaneous
 h - a phial of floods
 Q - a box of beasts
 R - a tin of tremorstones (2/2)
 W - a lightning rod (4/4)
 Y - a phantom mirror


   Skills:
 - Level 5.0 Fighting
 - Level 5.7 Armour
 - Level 3.5 Dodging
 - Level 5.0 Stealth
 - Level 6.6 Shields
 + Level 16.6 Spellcasting
 + Level 22.5 Conjurations
 - Level 11.6 Hexes
 - Level 14.2 Summonings
 O Level 27 Earth Magic
 - Level 9.2 Alchemy
 + Level 22.0 Invocations


You had 7 spell levels left.
You knew the following spells:

 Your Spells              Type           Power      Damage    Failure   Level
a - Shatter               Erth           62%        3d46*     2%          9
b - Lehudib's Crystal Sp  Conj/Erth      59%        10d14     1%          8
c - Spellforged Servitor  Conj/Summ      52%        N/A       1%          7
d - Iskenderun's Battles  Conj           100%       2d15      0%          5
e - Lee's Rapid Deconstr  Erth           62%        3d28*     0%          5
f - Borgnjor's Vile Clut  Necr/Erth      46%        N/A       1%          5
r - Irradiate             Conj/Alch      49%        3d28      1%          5
t - Yara's Violent Unrav  Hex/Alch       41%        3d16      1%          5
y - Apportation           Tloc           60%        N/A       1%          1
B - Blink                 Tloc           60%        N/A       1%          2

Your spell library contained the following spells:

 Spells                   Type           Power      Damage    Failure   Level
 Foxfire                  Conj/Fire      100%       2x1d9     0%          1
 Kiss of Death            Conj/Necr      100%       2d13      0%          1
 Magic Dart               Conj           100%       1d8       0%          1
 Sandblast                Erth           100%       2d20      0%          1
 Shock                    Conj/Air       100%       1d9       0%          1
 Slow                     Hex            100%       N/A       0%          1
 Sting                    Conj/Alch      100%       1d9       0%          1
 Summon Small Mammal      Summ           100%       N/A       0%          1
 Call Imp                 Summ           100%       N/A       0%          2
 Searing Ray              Conj           100%       2d8       0%          2
 Call Canine Familiar     Summ           94%        N/A       0%          3
 Dazzling Flash           Conj/Hex       100%       N/A       0%          3
 Passwall                 Erth           100%       N/A       0%          3
 Stone Arrow              Conj/Erth      100%       3d13      0%          3
 Animate Armour           Summ/Erth      100%       N/A       0%          4
 Brom's Barrelling Bould  Conj/Erth      100%       2d11      0%          4
 Leda's Liquefaction      Alch/Erth      52%        N/A       0%          4
 Petrify                  Alch/Erth      100%       N/A       0%          4
 Bombard                  Conj/Erth      59%        9d10      0%          6
 Freeze                   Ice            100%       1d10      1%          1
 Necrotise                Necr           100%       1d9       1%          1
 Cigotuvi's Dreadful Rot  Necr/Alch/Air  100%       N/A       1%          2
 Ensorcelled Hibernation  Hex/Ice        100%       N/A       1%          2
 Jinxbite                 Hex            100%       N/A       1%          2
 Lesser Beckoning         Tloc           60%        N/A       1%          2
 Mercury Vapours          Alch/Air       100%       N/A       1%          2
 Momentum Strike          Conj/Tloc      100%       3d10      1%          2
 Scorch                   Fire           60%        2d7       1%          2
 Static Discharge         Conj/Air       100%       3-8/arc   1%          2
 Confusing Touch          Hex            86%        N/A       1%          3
 Hailstorm                Conj/Ice       100%       3d16      1%          3
 Inner Flame              Hex/Fire       65%        N/A       1%          3
 Mephitic Cloud           Conj/Alch/Air  83%        N/A       1%          3
 Sigil of Binding         Hex            86%        N/A       1%          3
 Summon Ice Beast         Ice/Summ       90%        N/A       1%          3
 Tukima's Dance           Hex            86%        N/A       1%          3
 Anguish                  Hex/Necr       32%        N/A       1%          4
 Cause Fear               Hex            43%        N/A       1%          4
 Dimensional Bullseye     Hex/Tloc       32%        N/A       1%          4
 Flame Wave               Conj/Fire      85%        2d18      1%          4
 Fulminant Prism          Conj/Alch      49%        3d21      1%          4
 Ignite Poison            Fire/Alch      60%        N/A       1%          4
 Iskenderun's Mystic Bla  Conj/Tloc      85%        2d17      1%          4
 Martyr's Knell           Necr/Summ      70%        N/A       1%          4
 Olgreb's Toxic Radiance  Alch           78%        N/A       1%          4
 Sticky Flame             Fire/Alch      60%        2d10      1%          4
 Summon Blazeheart Golem  Fire/Summ      70%        N/A       1%          4
 Summon Lightning Spire   Summ/Air       70%        N/A       1%          4
 Alistair's Intoxication  Alch           52%        N/A       1%          5
 Arcjolt                  Conj/Air       42%        1d52      1%          5
 Fireball                 Conj/Fire      42%        3d17      1%          5
 Freezing Cloud           Conj/Ice/Air   46%        6-21      1%          5
 Summon Forest            Summ/Tloc      35%        N/A       1%          5
 Summon Mana Viper        Hex/Summ       90%        N/A       1%          5
 Conjure Ball Lightning   Conj/Air       42%        3x3d15    1%          6
 Starburst                Conj/Fire      42%        6d12      1%          6
 Orb of Destruction       Conj           57%        9d14      1%          7
 Metabolic Englaciation   Hex/Ice        42%        N/A       3%          5
 Silence                  Hex/Air        32%        N/A       3%          5
 Summon Hydra             Summ           47%        N/A       3%          7
 Frozen Ramparts          Ice            92%        1d14      4%          3
 Gell's Gravitas          Tloc           30%        N/A       4%          3
 Swiftness                Air            30%        N/A       4%          3
 Teleport Other           Tloc           30%        N/A       4%          3
 Vampiric Draining        Necr           30%        2d8       4%          3
 Eringya's Noxious Bog    Alch           39%        4d6       4%          6
 Enfeeble                 Hex            43%        N/A       10%         7
 Airstrike                Air            15%        2d(3-19)  14%         4
 Animate Dead             Necr           30%        N/A       14%         4
 Dispel Undead            Necr           30%        3d14      14%         4
 Passage of Golubria      Tloc           30%        N/A       14%         4
 Vhi's Electric Charge    Tloc/Air       60%        N/A       14%         4
 Sculpt Simulacrum        Ice/Alch       39%        N/A       30%         6
 Curse of Agony           Necr           30%        N/A       36%         5
 Haunt                    Necr/Summ      35%        N/A       52%         7
 Malign Gateway           Summ/Tloc      35%        N/A       52%         7
 Death Channel            Necr           15%        N/A       91%         6
 Dispersal                Tloc           15%        N/A       91%         6
 Plasma Beam              Fire/Air       15%        2x1d26    91%         6
 Ozocubu's Refrigeration  Ice            23%        4d12      100%        7
 Discord                  Hex            43%        N/A       58%         8
 Dragon's Call            Summ           47%        N/A       99%         9
 Disjunction              Tloc           15%        N/A       100%        8
 Ignition                 Fire           15%        3d6       100%        8
 Infestation              Necr           15%        N/A       100%        8
 Maxwell's Capacitive Co  Air            15%        ∞         100%        8
 Chain Lightning          Conj/Air       42%        3d56      100%        9
 Fire Storm               Conj/Fire      42%        8d11      100%        9
 Polar Vortex             Ice            23%        12d3*     100%        9


Dungeon Overview and Level Annotations

Branches:
Dungeon (15/15)            Temple (1/1) D:7            Lair (5/5) D:9
  Swamp (4/4) Lair:2        Snake (4/4) Lair:3        Slime (0/5) Lair:5
    Orc (2/2) D:11            Elf (0/3) Orc:2        Vaults (5/5) D:14
  Crypt (0/3) Vaults:2     Depths (4/4) D:15            Zot (5/5) Depths:4
 Bailey (visited)          WizLab (visited)

Altars:
Ashenzari
Cheibriados
Dithmenos
Elyvilon
Fedhas
Gozag
Hepliaklqana
Kikubaaqudgha
Makhleb
Nemelex Xobeh
Okawaru
Qazlal
Ru
Sif Muna
Trog
Uskayaw
Vehumet
Wu Jian
Xom
Yredelemnul
Zin
The Shining One
Beogh
Jiyva

Shops:
D:2 [   D:4 *   D:7 [   D:8 *   D:9 :   D:11 ?!   D:12 [   Orc:2 !??!
Snake:1 (   Snake:3 *   Depths:4 =(*!

Portals:
Hell: Depths:1 Depths:2 Depths:3 Depths:4
Abyss: Depths:3 Depths:4
Pandemonium: Depths:2
Ziggurat: Depths:1

Annotations:
Temple Joseph
Depths:4 1 runed translucent door


Innate Abilities, Weirdness & Mutations

Armour fits poorly on your strangely shaped body.
You have an increased reservoir of magic. (+10% MP)
You are robust. (+10% HP)


Message History

Aiming: Dig
Press: ? - help, Shift-Dir - straight line A rock wall.
This square is lit by a halo and is covered in magical glow.
The rock shatters into small pieces.
Casting: Spellforged Servitor (mildly dangerous; 1% risk of failure)
Confirm with . or Enter, or press ? or * to list all spells.
You can't see any susceptible monsters within range! (Use Z to cast anyway.) Unknown command.
Casting: Spellforged Servitor (mildly dangerous; 1% risk of failure)
Confirm with . or Enter, or press ? or * to list all spells.
Really attack near your spellforged servitor?
The dungeon rumbles!
Your spellforged servitor is heavily damaged.
Ka-crash!
Your spellforged servitor disappears in a puff of smoke! 현재 남은 마력은 [30/56] 입니다.
Casting: Shatter (dangerous; 2% risk of failure)
Confirm with . or Enter, or press ? or * to list all spells.
The dungeon rumbles!
A door shatters!
Ka-crash! 현재 남은 마력은 [23/56] 입니다.
Casting: Shatter (dangerous; 2% risk of failure)
Confirm with . or Enter, or press ? or * to list all spells.
The dungeon rumbles!
A door shatters!
Ka-crash! 현재 남은 마력은 [15/56] 입니다.
A hell beast comes into view.
The hell beast attacks as it pursues you!
The hell beast bites you but does no damage.
The hell beast closely misses you. The hell beast bites you!!
The hell beast barely misses you.
There is a staircase leading out of the dungeon, spattered with blood here. 18의 피해를 받았습니다. 현재 남은 체력은 [191/209] 입니다.
Unknown command.
The hell beast barely misses you.
The hell beast tramples you but does no damage.
You have escaped!

#.# #................##...... #.#
#.#.###.###..#.#..#...... #.#
#.#.# ######............
#.######.#.####>####........####
#........#.#⌠.....⌠#............
########.#.#...8...#.....#..####
#......###.#.§...........# .....
##......#...#§≈§.2≈.##.#..# #.###
.#......#'###§§.@.≈.##...## #.##.
.#...†......#§≈§..≈.##.#.# #.#..
.#...)......#§≈...≈.##.#.# #.#..
.#..........#.≈...§.##.#.####.#.#
.#..........#.......##.#......#.#
.+..........###...####.########.#
.####(......# #...#...........#.#
.# ######### #.###.##.######.#.#
.# #........# #.#.#


You could see a hell beast.

Vanquished Creatures
  6 dread liches
  An ancient lich (Vaults:5)
  Frederick (Vaults:4)
  3 orbs of fire (Zot:5)
  Mennas (Vaults:2)
  A juggernaut (Depths:4)
  Sojobo (Vaults:4)
  Josephina (Depths:2)
  Boris (thrice) (Vaults:3 Vaults:4 Depths:1)
  A shard shrike (Depths:3)
  9 Killer Klowns
  The ghost of Qiwept the Fencer, a veteran BaIE of Cheibriados (Depths:3)
  2 curse toes (Zot:2)
  Margery (Depths:3)
  Nikola (Swamp:4)
  10 golden dragons
  Jory (Vaults:3)
  the Enchantress (Depths:3)
  The ghost of Kave the Brawler, an adept TrSh of Sif Muna (Vaults:2)
  2 electric golems (Zot:5)
  Rupert (Vaults:4)
  An Ice Fiend (Depths:3)
  A Hell Sentinel (D:11)
  23 tentacled monstrosities
  A walking crystal tome (Depths:2)
  8 liches
  21 Orb Guardians (Zot:5)
  8 quicksilver dragons
  A searing wretch (Depths:3)
  A deep elf blademaster (Depths:2)
  7 titans
  2 walking frostbound tomes (Depths:3)
  An acid blob (Vaults:2)
  7 sphinxes
  12 death cobs
  2 eldritch tentacles
  9 tengu reavers
  An ancient champion (Vaults:4)
  3 thorn hunters
  9 shadow dragons
  A nagaraja (Snake:4)
  14 storm dragons
  3 azure jellies (Depths:3)
  10 draconian monks
  Donald (Vaults:1)
  2 protean progenitors (Zot:4)
  13 frost giants
  7 draconian knights
  5 fire giants
  2 deep elf sorcerers
  An iron dragon (Depths:1)
  2 balrugs
  3 draconian scorchers
  3 draconian shifters
  17 vault wardens
  3 deep elf elementalists (Depths:2)
  Louise (Swamp:4)
  2 orc warlords
  5 spectral caustic shrikes (Depths:4)
  5 ghost moths
  4 stone giants
  2 quicksilver oozes (Vaults:2)
  3 draconian stormcallers
  5 spriggan defenders
  5 draconian annihilators
  2 formless jellyfish
  2 broodmothers (WizLab)
  6 ironbound thunderhulks
  27 ironbound preservers
  A demonspawn blood saint (D:1)
  10 green draconians
  4 vampire knights
  2 deep elf death magi
  11 very ugly things
  10 black draconians
  15 white draconians
  5 eleionomae
  15 yellow draconians
  Azrael (D:13)
  5 bunyips
  4 deep elf annihilators
  3 deep elf demonologists
  A spectral titan (Depths:3)
  13 spark wasps
  4 dire elephants (Vaults:1)
  4 war gargoyles
  14 red draconians
  23 purple draconians
  3 crystal guardians
  2 entropy weavers
  6 blizzard demons
  9 ettins
  3 deep elf high priests
  18 yaktaur captains
  7 fire dragons
  3 shambling mangroves (Swamp:4)
  4 jiangshi
  2 caustic shrike simulacra (Depths:2)
  3 salamander tyrants
  Fannar (D:11)
  Erolcha (Orc:1)
  Harold (D:11)
  9 great orbs of eyes
  A hell beast (D:10)
  9 ice dragons
  4 ogre magi
  3 peacekeepers
  11 spriggan air magi
  2 juggernaut simulacra
  A catoblepas (Lair:1)
  17 hydras
  A ghost crab (Swamp:4)
  A death knight (D:15)
  6 ironbound frosthearts
  10 rakshasas
  38 vault guards
  8 boulder beetles
  9 anacondas
  12 centaur warriors
  16 naga warriors
  5 hell hogs
  6 alligators
  18 two-headed ogres
  A deep troll shaman (Depths:1)
  8 spriggan berserkers
  7 deep troll earth magi
  5 tengu warriors
  5 vampire magi
  3 dancing weapons
  Urug (D:13)
  An occultist (Depths:1)
  A shock serpent (shapeshifter) (Depths:2)
  An orc high priest (Orc:1)
  9 naga sharpshooters
  Nergalle (D:11)
  10 shock serpents
  4 hell knights
  2 deep elf knights (Depths:3)
  2 salamander mystics (Snake:4)
  A skeletal warrior (D:14)
  A sixfirhy (Depths:3)
  A sun demon (Zot:5)
  63 deep trolls
  A golden dragon zombie (Depths:3)
  8 iron trolls
  A shadow wraith (WizLab)
  A skyshark (Lair:5)
  A spriggan simulacrum (Depths:2)
  A fire crab (shapeshifter) (Depths:2)
  A storm dragon skeleton (Depths:1)
  14 goliath frogs
  8 spriggan druids
  A deep troll (shapeshifter) (Depths:2)
  An orb spider (shapeshifter) (WizLab)
  A flayed ghost (Depths:3)
  A quicksilver dragon simulacrum (Depths:2)
  6 arcanists
  2 death drakes (Depths:4)
  3 glowing orange brains
  A sun moth (Depths:2)
  9 swamp dragons
  Pikel (D:6)
  7 naga ritualists
  3 obsidian statues
  15 ironbound convokers
  16 mana vipers
  A bog body (Swamp:1)
  2 deep elf archers (Depths:3)
  An anaconda skeleton (WizLab)
  6 phantasmal warriors
  3 necromancers
  8 lindwurms
  10 orc knights
  A harpy (shapeshifter) (D:8)
  2 deep elf zephyrmancers (Depths:3)
  An orc sorcerer (Orc:2)
  An eye of devastation (shapeshifter) (Depths:2)
  2 sphinx simulacra (Depths:3)
  29 ugly things
  4 harpies (Vaults:1)
  6 deep elf pyromancers
  Maurice (D:6)
  4 salamanders
  10 will-o-the-wisps
  13 elephants
  3 worldbinders (WizLab)
  A stone giant zombie (Depths:1)
  A cyclops (shapeshifter) (Depths:4)
  25 moths of wrath
  9 cyclopes
  2 manticores (D:14)
  2 water nymphs (Swamp:3)
  7 guardian serpents
  3 meliai (D:13)
  A titan simulacrum (Depths:3)
  An eye of devastation (Vaults:2)
  2 kobold blastminers (Orc:2)
  An elephant (shapeshifter) (Depths:2)
  14 naga magi
  A torpor snail (shapeshifter) (Depths:4)
  43 black mambas
  A storm dragon simulacrum (Depths:3)
  18 vault sentinels
  2 smoke demons (Depths:1)
  20 cane toads
  2 gargoyles (D:11)
  A hellion (Depths:1)
  2 kobold demonologists (D:13)
  38 yaktaurs
  A rime drake (Lair:2)
  An efreet (D:13)
  7 freezing wraiths
  A tormentor (Zot:5)
  9 tengu conjurers
  2 unseen horrors
  9 komodo dragons
  12 trolls
  A golden dragon simulacrum (Depths:2)
  A merfolk (shapeshifter) (Vaults:5)
  A hellwing (Depths:3)
  6 polar bears
  2 bloated husks
  3 tengu simulacra
  14 tyrant leeches
  26 hornets
  36 blink frogs
  A raiju (shapeshifter) (Depths:2)
  A frost giant simulacrum (Depths:3)
  2 glass eyes
  3 raiju
  26 slime creatures
  A culicivora (shapeshifter) (D:13)
  A slime creature (shapeshifter) (Depths:2)
  29 spriggans
  A ynoxinul (Depths:3)
  4 jumping spiders (WizLab)
  5 wyverns
  3 shadows
  33 yaks
  4 wraiths
  4 basilisks
  5 fire elementals (D:13)
  3 humans (D:14)
  2 wargs
  5 redbacks
  3 steam dragons
  18 swamp worms
  16 vampire mosquitoes
  41 nagas
  2 acid dragons
  2 nameless horrors
  8 water moccasins
  2 hell hounds (D:13)
  12 swamp drakes
  27 orc warriors
  4 black bears
  2 laughing skulls (D:13)
  3 ice beasts
  33 ogres
  7 wolves
  8 centaurs
  2 phantoms (D:4)
  4 kobold brigands
  2 lemures (D:6)
  19 bullfrogs
  5 scorpions
  A gnoll sergeant (D:8)
  3 wights (D:9)
  5 killer bees (D:9)
  6 electric eels
  2 howler monkeys (D:6)
  3 jellies
  15 orc priests
  4 hounds
  2 sleepcaps (D:6)
  2 iguanas (D:5)
  4 hell rats (Lair:2)
  31 orc wizards
  7 gnolls
  11 adders
  3 river rats (Lair:2)
  A white imp (D:8)
  2 ufetubi (D:5)
  8 dart slugs
  3 ribbon worms
  79 orcs
  9 ball pythons
  8 endoplasms
  3 giant cockroaches
  9 goblins
  6 hobgoblins
  A jackal (D:3)
  5 quokkas
  3 training dummies (Snake:1)
  4 bats
  4 frilled lizards
  45 kobolds
  10 rats
  3 aspiring fleshes (Zot:4)
  A boulder (Lair:5)
2041 creatures vanquished.

Vanquished Creatures (collateral kills)
  An orb of fire (Zot:5)
  A Killer Klown (Zot:5)
  A curse toe (Zot:5)
  7 golden dragons
  An electric golem (Zot:2)
  4 tentacled monstrosities
  2 Orb Guardians (Zot:5)
  3 quicksilver dragons
  A death cob (Zot:2)
  8 storm dragons
  2 shadow dragons
  2 draconian scorchers
  A very ugly thing (Vaults:5)
  2 green draconians
  5 black draconians
  A red draconian (Zot:1)
  2 purple draconians
  4 white draconians
  A blizzard demon (D:1)
  2 phantasmal warriors (Vaults:5)
  11 moths of wrath
  18 boulders
80 creatures vanquished.

Vanquished Creatures (others)
  An eldritch tentacle (WizLab)
  A troll (D:8)
  A bloated husk (Swamp:1)
  A yak (Lair:1)
  An orc wizard (Orc:2)
  23 boulders
  29 foxfires
57 creatures vanquished.

Grand Total: 2178 creatures vanquished

Notes
Turn   | Place    | Note
-------+----------+-------------------------------------------
     0 | D:1      | ww7 the Hill Orc Earth Elementalist began the quest for the
                  | Orb.
     0 | D:1      | Reached XP level 1. HP: 14/14 MP: 3/3
   248 | D:1      | Reached skill level 1 in Fighting
   329 | D:1      | Reached XP level 2. HP: 23/23 MP: 2/4
   817 | D:1      | Reached XP level 3. HP: 28/28 MP: 3/5
  1702 | D:2      | Found a faded altar of an unknown god.
  1849 | D:2      | Learned a level 3 spell: Stone Arrow
  2035 | D:2      | Reached XP level 4. HP: 33/35 MP: 5/7
  2300 | D:2      | Found Aniedov's Armour Boutique.
  2987 | D:3      | Reached XP level 5. HP: 40/40 MP: 3/8
  3219 | D:3      | Reached skill level 4 in Earth Magic
  3814 | D:3      | Reached XP level 6. HP: 36/47 MP: 2/10
  4495 | D:4      | Noticed a black bear
  4497 | D:4      | Killed a black bear
  4693 | D:4      | Identified a scroll of acquirement
  4693 | D:4      | Acquired a +1 pair of boots of flying
  4841 | D:4      | Reached skill level 5 in Earth Magic
  4841 | D:4      | Reached XP level 7. HP: 52/52 MP: 3/12
  4919 | D:4      | Found Woizedan's Assorted Antiques.
  5492 | D:4      | Found a glowing silver altar of Zin.
  5671 | D:5      | Entered Level 5 of the Dungeon
  5967 | D:5      | Reached XP level 8. HP: 59/59 MP: 7/13
  6221 | D:5      | Learned a level 4 spell: Brom's Barrelling Boulder
  6923 | D:6      | Reached skill level 5 in Conjurations
  7074 | D:6      | Reached skill level 6 in Earth Magic
  7258 | D:6      | Found a sacrificial altar of Ru.
  8338 | D:7      | Noticed Pikel
  8360 | D:7      | Noticed Maurice
  8667 | D:6      | Killed Pikel
  8668 | D:6      | Reached skill level 5 in Spellcasting
  8668 | D:6      | Reached skill level 7 in Earth Magic
  8668 | D:6      | Reached XP level 9. HP: 33/66 MP: 7/16
  8953 | D:7      | Noticed Joseph
  9221 | D:6      | Killed Maurice
  9465 | D:7      | Found a staircase to the Ecumenical Temple.
  9475 | Temple   | Entered the Ecumenical Temple
  9494 | D:7      | Reached skill level 5 in Stealth
  9642 | D:7      | Found an opulent altar of Gozag.
 10050 | D:7      | Found a shimmering blue altar of Sif Muna.
 10184 | D:7      | Became a worshipper of Sif Muna the Loreminder
 10229 | D:7      | Found Qakhipong's Antique Armour Emporium.
 10261 | D:8      | Noticed a two-headed ogre
 10267 | D:8      | Killed a two-headed ogre
 10268 | D:8      | Reached XP level 10. HP: 72/72 MP: 8/18
 10385 | D:8      | Reached skill level 8 in Earth Magic
 10966 | D:8      | Noticed a deep elf pyromancer
 10969 | D:8      | Killed a deep elf pyromancer
 11364 | D:8      | Found a shadowy altar of Dithmenos.
 11581 | D:8      | Noticed a harpy
 11581 | D:8      | Noticed a tengu warrior
 11595 | D:8      | Killed a harpy
 11611 | D:8      | Killed a tengu warrior
 11999 | D:8      | Found Utuiv's General Store.
 12005 | D:8      | Bought 2 curare-tipped darts for 36 gold pieces
 12066 | D:9      | Reached * piety under Sif Muna
 12101 | D:9      | Reached skill level 9 in Earth Magic
 12136 | D:9      | Found a flagged portal.
 12159 | Bailey   | Entered a bailey
 12235 | Bailey   | Noticed an orc knight
 12533 | Bailey   | Killed an orc knight
 12534 | Bailey   | Reached XP level 11. HP: 78/78 MP: 0/21
 12542 | Bailey   | Reached ** piety under Sif Muna
 12587 | Bailey   | Reached skill level 5 in Invocations
 13131 | D:9      | Found a hide-covered altar of Uskayaw.
 13542 | D:9      | Noticed a two-headed ogre
 13550 | D:9      | Killed a two-headed ogre
 13554 | D:9      | Learned a level 1 spell: Apportation
 14137 | D:9      | Found a staircase to the Lair.
 14152 | D:9      | Found Gaoloh's Book Shoppe.
 14741 | D:10     | Entered Level 10 of the Dungeon
 14882 | D:9      | Reached skill level 10 in Earth Magic
 15394 | D:10     | Learned a level 5 spell: Irradiate
 15616 | D:10     | Found a broken altar of Ashenzari.
 15764 | D:11     | Noticed a two-headed ogre
 15766 | D:11     | Killed a two-headed ogre
 15821 | D:11     | Reached skill level 1 in Alchemy
 15857 | D:11     | Found Huyklit's Magic Scroll Emporium.
 15858 | D:11     | Noticed Fannar
 15873 | D:11     | Noticed a brown ugly thing
 15879 | D:11     | Killed a brown ugly thing
 15880 | D:11     | Reached skill level 10 in Conjurations
 15881 | D:11     | Noticed Nergalle
 15882 | D:11     | Noticed a cyclops
 15882 | D:11     | Noticed Harold
 15904 | D:11     | Killed Nergalle
 15905 | D:11     | Reached XP level 12. HP: 75/84 MP: 11/24
 15905 | D:11     | Killed Harold
 15933 | D:10     | Reached *** piety under Sif Muna
 16357 | D:11     | Identified the +1 war axe of Ancient Evil {vamp, rF+ Will+
                  | Int+4}
 16379 | D:11     | Identified the +4 scale mail of Hepliaklqana's Hope {Harm
                  | rPois rC+}
 16391 | D:11     | Killed Fannar
 16846 | D:11     | Bought a scroll of identify for 24 gold pieces
 16846 | D:11     | Bought a scroll of identify for 24 gold pieces
 16848 | D:11     | Acquired 647 gold pieces
 16852 | D:11     | Bought a scroll of fog for 48 gold pieces
 16852 | D:11     | Bought a scroll of enchant armour for 90 gold pieces
 16852 | D:11     | Bought a scroll of revelation for 90 gold pieces
 16950 | D:11     | Acquired the amulet of Hospitality {RegenMP rN+}
 17098 | D:11     | Found Ehe Were's Distillery.
 17105 | D:11     | Bought a potion of curing for 33 gold pieces
 17105 | D:11     | Bought a potion of mutation for 88 gold pieces
 17163 | D:11     | Found a staircase to the Orcish Mines.
 17366 | D:2      | Bought the +5 pair of gloves of Tomorrow {rCorr} for 589
                  | gold pieces
 18029 | D:12     | Noticed a boulder beetle
 18045 | D:12     | Killed a boulder beetle
 18475 | D:8      | Learned a level 5 spell: Lee's Rapid Deconstruction
 18534 | D:8      | Bought a +2 hat for 240 gold pieces
 18607 | Lair:1   | Entered Level 1 of the Lair of Beasts
 18607 | Lair:1   | Noticed a boulder beetle
 18617 | Lair:1   | Reached skill level 1 in Armour
 18617 | Lair:1   | Reached skill level 1 in Shields
 18627 | Lair:1   | Killed a boulder beetle
 18779 | Lair:1   | Noticed a catoblepas
 18816 | Lair:1   | Killed a catoblepas
 18941 | Lair:1   | Found an ornate altar of the Wu Jian Council.
 18941 | Lair:1   | Found a hide-covered altar of Uskayaw.
 18941 | Lair:1   | Noticed a boulder beetle
 18964 | Lair:1   | Killed a boulder beetle
 18965 | Lair:1   | Reached XP level 13. HP: 94/94 MP: 12/25
 19930 | Lair:2   | Reached skill level 5 in Armour
 19942 | Lair:2   | Reached skill level 5 in Shields
 19956 | Lair:2   | Reached **** piety under Sif Muna
 20606 | Lair:2   | Found a staircase to the Swamp.
 20986 | Lair:3   | Reached skill level 5 in Fighting
 21212 | Lair:3   | Found a staircase to the Snake Pit.
 21410 | Lair:3   | Learned a level 6 spell: Bombard
 21499 | Lair:3   | Reached skill level 5 in Alchemy
 22087 | Lair:3   | Reached XP level 14. HP: 107/107 MP: 4/26
 22136 | Lair:4   | Reached ***** piety under Sif Muna
 22137 | Lair:4   | Reached skill level 11 in Earth Magic
 22416 | Lair:4   | Reached skill level 10 in Invocations
 23117 | Lair:5   | Entered Level 5 of the Lair of Beasts
 23506 | Lair:5   | Acquired the +1 cloak of the Blessed Realm {rF+}
 23671 | Lair:5   | Learned a level 4 spell: Petrify
 23768 | Lair:5   | Received a gift from Sif Muna
 23771 | Lair:5   | Got Sif Muna's Annotations on Unholy Bad Luck {god gift}
 23803 | Lair:5   | Found the +4 Cigotuvi's embrace {Corpsefed rMiasma ^Drain
                  | rN+}
 23958 | Lair:5   | Found a viscous altar of Jiyva.
 23959 | Lair:5   | Found a staircase to the Slime Pits.
 24522 | Orc:1    | Entered Level 1 of the Orcish Mines
 24701 | Orc:1    | Reached skill level 12 in Earth Magic
 24900 | Orc:1    | Noticed Erolcha
 24953 | Orc:1    | Killed Erolcha
 24954 | Orc:1    | Reached XP level 15. HP: 113/113 MP: 18/27
 25136 | Orc:2    | Entered Level 2 of the Orcish Mines
 25953 | Orc:2    | Found Xere's Distillery.
 25975 | Orc:2    | Found Ekad's Magic Scroll Emporium.
 25977 | Orc:2    | Found Hemalav's Distillery.
 25983 | Orc:2    | Bought 2 scrolls of identify for 44 gold pieces
 25983 | Orc:2    | Bought a scroll of acquirement for 572 gold pieces
 25983 | Orc:2    | Bought a scroll of identify for 22 gold pieces
 25983 | Orc:2    | Bought a scroll of teleportation for 33 gold pieces
 25983 | Orc:2    | Acquired the ring of Romaibiywu {rN+ Will+ SInv}
 25995 | Orc:2    | Found Vyemp's Magic Scroll Shoppe.
 25997 | Orc:2    | Bought a potion of haste for 180 gold pieces
 25997 | Orc:2    | Bought a potion of heal wounds for 90 gold pieces
 25997 | Orc:2    | Bought a potion of curing for 54 gold pieces
 25997 | Orc:2    | Bought a potion of berserk rage for 90 gold pieces
 25997 | Orc:2    | Bought a potion of heal wounds for 90 gold pieces
 25999 | Orc:2    | Found a staircase to the Elven Halls.
 26003 | Orc:2    | Bought a potion of curing for 33 gold pieces
 26003 | Orc:2    | Bought a potion of resistance for 110 gold pieces
 26003 | Orc:2    | Bought a potion of heal wounds for 55 gold pieces
 26003 | Orc:2    | Bought a potion of cancellation for 88 gold pieces
 26003 | Orc:2    | Bought a potion of ambrosia for 88 gold pieces
 26008 | Orc:2    | Bought a scroll of blinking for 120 gold pieces
 26008 | Orc:2    | Bought a scroll of blinking for 120 gold pieces
 26008 | Orc:2    | Bought a scroll of identify for 32 gold pieces
 26411 | Orc:1    | Found a roughly hewn altar of Beogh.
 26666 | Orc:2    | Bought a scroll of blinking for 120 gold pieces
 26666 | Orc:2    | Bought a scroll of identify for 32 gold pieces
 26667 | Orc:2    | Bought a scroll of enchant armour for 120 gold pieces
 26667 | Orc:2    | Bought a scroll of teleportation for 48 gold pieces
 26820 | D:13     | Noticed Azrael
 26947 | D:12     | Found Ceatwacely's Antique Armour Shoppe.
 26985 | D:13     | Identified the scarf of the Elven Halls {repulsion, +Blink
                  | rCorr Str+3}
 27002 | D:13     | Identified the +1 scale mail of the Resonant Wumpus {Will+
                  | SInv}
 27224 | D:13     | Received a gift from Sif Muna
 27225 | D:13     | Reached skill level 13 in Earth Magic
 27227 | D:13     | Got Sif Muna's Codex of the Conflagrant Cemetery {god gift}
 27480 | D:13     | Noticed Urug
 27514 | D:13     | Killed Azrael
 27527 | D:13     | Killed Urug
 28029 | D:14     | Found a bloodstained altar of Trog.
 28570 | D:14     | Reached XP level 16. HP: 119/119 MP: 1/28
 28698 | D:14     | Found a gate to the Vaults.
 29019 | D:15     | Entered Level 15 of the Dungeon
 29129 | D:15     | Identified the +3 scale mail "Vehy" {rF+ rN+ Will+}
 29522 | D:15     | Found a shadowy altar of Dithmenos.
 29776 | D:15     | Found a staircase to the Depths.
 30052 | Snake:1  | Entered Level 1 of the Snake Pit
 30079 | Snake:1  | Found Ydireg's Firing Range.
 30100 | Snake:1  | Bought a throwing net for 45 gold pieces
 30879 | Snake:1  | Learned a level 5 spell: Yara's Violent Unravelling
 30918 | Snake:1  | Received a gift from Sif Muna
 30946 | Snake:1  | Got Comityum's Verses on Torrid Formulae {god gift}
 31272 | Snake:1  | Reached skill level 1 in Hexes
 31314 | Snake:1  | Reached skill level 14 in Earth Magic
 32555 | Snake:2  | Reached skill level 15 in Conjurations
 32559 | Snake:2  | Reached XP level 17. HP: 53/126 MP: 6/30
 33738 | Snake:3  | Found Lgeiseg's Luxury Loot.
 34095 | Snake:3  | Reached skill level 5 in Hexes
 34847 | Snake:4  | Entered Level 4 of the Snake Pit
 35751 | Snake:4  | Reached skill level 10 in Spellcasting
 35757 | Snake:4  | Reached skill level 15 in Earth Magic
 35992 | Snake:4  | Received a gift from Sif Muna
 35994 | Snake:4  | Got Aront's Collected Works on Lofty Jinxing {god gift}
 36234 | Snake:4  | Noticed a quicksilver dragon
 36246 | Snake:4  | Killed a quicksilver dragon
 36319 | Snake:4  | Got a serpentine rune of Zot
 36907 | D:8      | Bought the ring of Amelioration {rC+ rN+ Str+3} for 637
                  | gold pieces
 37113 | Swamp:1  | Entered Level 1 of the Swamp
 37712 | Swamp:1  | Got the Compilation of the Throng
 38377 | Swamp:2  | Reached XP level 18. HP: 110/133 MP: 13/32
 39190 | Swamp:3  | Got the Directory of Transmutation and Obstruction
 39397 | Swamp:3  | Received a gift from Sif Muna
 39400 | Swamp:3  | Got Sif Muna's Volume of Harmful Amathomancy {god gift}
 39550 | Swamp:3  | Learned a level 5 spell: Iskenderun's Battlesphere
 39555 | Swamp:3  | Identified the +1 chain mail "Gibaetz" {Fly rElec Str-2}
 40038 | Swamp:4  | Entered Level 4 of the Swamp
 40038 | Swamp:4  | Identified the +8 tower shield of Context {Regen+ Stlth+}
 40038 | Swamp:4  | Noticed Louise
 40047 | Swamp:4  | Killed Louise
 40300 | Swamp:4  | Reached skill level 16 in Earth Magic
 40507 | Swamp:4  | Noticed Nikola
 40518 | Swamp:4  | Killed Nikola
 40844 | Swamp:4  | ww7: 저 3룬클 루트인데 괜찮으신가요 ㅋㅋ?
 41226 | Swamp:4  | Acquired the ring "Posar" {rElec rF+ MP+9 Dex+3}
 41262 | Swamp:4  | Got a decaying rune of Zot
 41532 | Swamp:4  | Acquired a staff of alchemy
 41979 | Vaults:1 | Entered Level 1 of the Vaults
 42061 | D:14     | Reached XP level 19. HP: 132/138 MP: 34/34
 42072 | Vaults:1 | You are sucked into a shaft and drop 1 floor!
 42095 | Vaults:2 | Identified the +5 shortbow "Ukkathu" {drain, rElec Str+3}
 42098 | Vaults:2 | Received a gift from Sif Muna
 42106 | Vaults:2 | Got Sif Muna's Precepts of Solid Hurting {god gift}
 42721 | Vaults:2 | Noticed Mennas
 42742 | Vaults:2 | Learned a level 5 spell: Borgnjor's Vile Clutch
 42987 | Vaults:2 | Reached skill level 10 in Hexes
 43123 | Vaults:2 | Killed Mennas
 43241 | Vaults:2 | Paralysed by a vampire knight for 2 turns
 43314 | Vaults:2 | Found a staircase to the Crypt.
 43419 | Vaults:2 | Reached skill level 17 in Earth Magic
 43880 | Vaults:2 | Received a gift from Sif Muna
 43881 | Vaults:2 | Got Muddoun's Opusculum on Spatial Gases {god gift}
 44348 | Vaults:2 | Found a runed translucent gate.
 44348 | Vaults:2 | Found a runed translucent gate.
 44348 | Vaults:2 | Found a runed translucent gate.
 44348 | Vaults:2 | Noticed Kave's ghost (adept TrSh)
 44351 | Vaults:2 | Found a viscous altar of Jiyva.
 44524 | Vaults:1 | Acquired 611 gold pieces
 45142 | Vaults:1 | Reached XP level 20. HP: 146/146 MP: 18/36
 45932 | Vaults:1 | Noticed Donald
 45944 | Vaults:1 | Killed Donald
 46115 | Vaults:1 | Received a gift from Sif Muna
 46118 | Vaults:1 | Got Seam Saq's Atlas of the Cwm {god gift}
 46978 | Vaults:3 | Reached skill level 18 in Earth Magic
 47340 | Vaults:3 | Identified the ring of Zefezea {Wiz rPois rF+++ rC- Int+4}
 47418 | Vaults:3 | Identified the +2 halberd "Orb Guardian's Peril" {elec,
                  | ^Fragile rF+ Will+ Int+5}
 47493 | Vaults:3 | Noticed Boris
 47579 | Vaults:3 | Noticed Jory
 47588 | Vaults:3 | Killed Jory
 47588 | Vaults:3 | Gained mutation: You have a somewhat thin skeletal
                  | structure. (Dex +2, Stealth+) [mutagenic glow]
 47602 | Vaults:3 | Gained mutation: You are frail. (-10% HP) [mutagenic glow]
 47664 | Vaults:3 | Reached skill level 19 in Earth Magic
 47757 | Vaults:3 | Lost mutation: You have a somewhat thin skeletal structure.
                  | (Dex +2, Stealth+) [potion of mutation]
 47757 | Vaults:3 | Lost mutation: You are frail. (-10% HP) [potion of
                  | mutation]
 47757 | Vaults:3 | Gained mutation: You have an increased reservoir of magic.
                  | (+10% MP) [potion of mutation]
 47757 | Vaults:3 | Gained mutation: You are robust. (+10% HP) [potion of
                  | mutation]
 48102 | Vaults:3 | Killed Boris
 48956 | Vaults:4 | Reached XP level 21. HP: 166/166 MP: 41/41
 48999 | Vaults:4 | Reached skill level 20 in Earth Magic
 49001 | Vaults:4 | Found a gateway to a bazaar.
 49091 | Bazaar   | Entered a bazaar
 49093 | Bazaar   | Found Roeh's Assorted Antiques.
 49097 | Bazaar   | Found Ufamne's Weapon Boutique.
 49097 | Bazaar   | Found Qexyses's Assorted Antiques.
 49098 | Bazaar   | Found Kenothol's Antique Armour Boutique.
 49121 | Bazaar   | Bought a scroll of revelation for 285 gold pieces
 49121 | Bazaar   | Bought a potion of heal wounds for 190 gold pieces
 49121 | Bazaar   | Bought a potion of curing for 114 gold pieces
 49136 | Bazaar   | Bought a scroll of vulnerability for 96 gold pieces
 49136 | Bazaar   | Bought a scroll of fog for 96 gold pieces
 49269 | Vaults:4 | Identified the +2 bardiche of Famine {speed, rElec rCorr
                  | Str+4 Stlth-}
 49512 | Vaults:4 | Found a magical portal.
 49521 | WizLab   | Entered The Roulette of Golubria
 49521 | WizLab   | Found a transporter.
 49528 | WizLab   | Found the +1 cloak of Starlight {*Dazzle EV+4 Stlth--}
 49528 | WizLab   | Found a corrupted altar of Lugonu.
 49622 | WizLab   | Found a corrupted altar of Lugonu.
 49658 | WizLab   | Found a transporter.
 49771 | WizLab   | Found a transporter.
 49845 | WizLab   | Found a transporter.
 49845 | WizLab   | Found a transporter.
 49864 | WizLab   | Found a transporter.
 49906 | WizLab   | Found a transporter.
 49958 | WizLab   | Found a transporter.
 50010 | WizLab   | Found a transporter.
 50091 | WizLab   | Found a transporter.
 50091 | WizLab   | Found a transporter.
 50095 | WizLab   | Received a gift from Sif Muna
 50098 | WizLab   | Got Sif Muna's Annotations on the Cloudy Hornet {god gift}
 50118 | WizLab   | Found a transporter.
 50118 | WizLab   | Found a transporter.
 50185 | WizLab   | Found a transporter.
 50185 | WizLab   | Found a transporter.
 50195 | WizLab   | Reached skill level 21 in Earth Magic
 50201 | WizLab   | Got the Omnibus of Wanderlust
 50220 | WizLab   | Found a transporter.
 50220 | WizLab   | Found a transporter.
 50327 | WizLab   | Identified the +3 cloak of Distant Worlds {+Blink rC+
                  | rCorr}
 50344 | WizLab   | Identified the +1 leather armour "Yxzegok" {-Tele rPois
                  | Regen+ Int+2}
 50348 | WizLab   | Identified the +0 cloak of Utsim {Dex+3 Stlth+}
 50359 | WizLab   | Identified the +0 cloak of the Vaults {rF+++ rC+ Regen+
                  | Int+2}
 50378 | WizLab   | Noticed a profane servitor
 50378 | WizLab   | Found a transporter.
 50647 | Vaults:4 | Noticed Boris
 50663 | Vaults:4 | Killed Boris
 50972 | Vaults:4 | Noticed Rupert
 50972 | Vaults:4 | Paralysed by Rupert for 2 turns
 50984 | Vaults:4 | Killed Rupert
 51003 | Vaults:4 | Identified the orb "Nyirph" {light, rF+ Stlth+}
 51003 | Vaults:4 | Noticed Frederick
 51047 | Vaults:4 | Killed Frederick
 51210 | Vaults:4 | Identified the storm talisman of Heresy {rN+ rCorr Str-4
                  | SInv}
 51210 | Vaults:4 | Noticed Sojobo
 51273 | Vaults:4 | Killed Sojobo
 51274 | Vaults:4 | Reached skill level 22 in Earth Magic
 52627 | Vaults:2 | Killed Kave's ghost
 53018 | Depths:1 | Entered Level 1 of the Depths
 53240 | Depths:1 | Reached XP level 22. HP: 173/173 MP: 40/42
 53356 | Depths:1 | Found a one-way gateway to a ziggurat.
 53444 | Depths:1 | Reached skill level 23 in Earth Magic
 53608 | Depths:1 | Received a gift from Sif Muna
 53609 | Depths:1 | Got Sif Muna's Essays on Ill-starred Quicksand {god gift}
 53934 | Depths:1 | Identified the +1 morningstar of the Reaper {vamp, rCorr
                  | SInv}
 54259 | Depths:1 | Found a gateway to Hell.
 54732 | Depths:1 | Identified the +5 orcbow of the Weak God {freeze, rC+}
 54877 | Depths:1 | Learned a level 9 spell: Shatter
 54899 | Depths:2 | Found a one-way gate leading to the halls of Pandemonium.
 54934 | Depths:2 | Reached skill level 24 in Earth Magic
 55520 | Depths:2 | Identified the staff of Doom {rC- Str+7 Stlth- Earth
                  | Alchemy}
 55526 | Depths:2 | Identified the staff "Upoot" {rF+ Will+ Int+2 Fire Ice}
 56021 | Depths:2 | Reached skill level 25 in Earth Magic
 56100 | Depths:2 | Received a gift from Sif Muna
 56102 | Depths:2 | Identified the ring "Aseskais" {Ice rPois rN+ Str+2 Int-4}
 56102 | Depths:2 | Noticed Josephina
 56109 | Depths:2 | Killed Josephina
 56229 | Depths:2 | Got Sif Muna's Discursus on Mutated Amathomancy {god gift}
 56447 | Depths:2 | Identified the staff of Ru's Inspiration {rC+ Int+7 Stlth-
                  | Ice}
 56625 | Depths:3 | Noticed Margery
 56626 | Depths:3 | Reached XP level 23. HP: 181/181 MP: 25/43
 57291 | Depths:3 | Identified the +5 demon trident "Ocaketom" {vamp, *Corrode
                  | +Blink rElec Int+5}
 57360 | Depths:3 | Reached skill level 26 in Earth Magic
 57468 | Depths:3 | Killed Margery
 57470 | Depths:3 | Noticed a dread lich
 57611 | Depths:3 | Killed a dread lich
 57691 | Depths:3 | Noticed a dread lich
 57728 | Depths:3 | Killed a dread lich
 57895 | Depths:3 | Learned a level 3 spell: Passwall
 58238 | Depths:3 | Noticed a shard shrike
 58303 | Depths:3 | Received a gift from Sif Muna
 58304 | Depths:3 | Got Sif Muna's Teachings on the Frigorific Volley {god
                  | gift}
 58627 | Depths:3 | Reached skill level 27 in Earth Magic
 58900 | Depths:3 | Noticed the Enchantress
 58904 | Depths:3 | Killed the Enchantress
 59203 | Depths:3 | Killed a shard shrike
 59323 | Depths:3 | Found a one-way gate to the infinite horrors of the Abyss.
 59596 | Depths:4 | Entered Level 4 of the Depths
 59596 | Depths:4 | Found Mohuo's Distillery.
 59756 | Depths:4 | Noticed a juggernaut
 59757 | Depths:4 | Found a hazy altar of Hepliaklqana.
 59862 | Depths:4 | Reached skill level 15 in Invocations
 59865 | Depths:4 | Reached XP level 24. HP: 142/188 MP: 20/44
 60270 | Depths:4 | Found a runed translucent door.
 60270 | Depths:4 | Noticed Qiwept's ghost (veteran BaIE)
 60318 | Depths:4 | Killed a juggernaut
 60439 | Depths:3 | Killed Qiwept's ghost
 60872 | Depths:3 | Learned a level 8 spell: Lehudib's Crystal Spear
 60881 | Depths:3 | Learned a level 7 spell: Spellforged Servitor
 61088 | Depths:4 | Reached skill level 1 in Summonings
 61213 | Depths:4 | Received a gift from Sif Muna
 61214 | Depths:4 | Got Sif Muna's Codex of Bewitchment {god gift}
 61238 | Depths:4 | Identified the +2 chain mail of the Demon Prince {SInv
                  | Stlth+}
 61288 | Depths:4 | Found Gafa's Antique Weapon Shop.
 61378 | Depths:4 | Found Vitzouli's Jewellery Boutique.
 61417 | Depths:4 | Found Heelluw's Assorted Antiques.
 61446 | Depths:4 | Bought a scroll of blinking for 330 gold pieces
 61522 | Depths:4 | Bought a potion of heal wounds for 105 gold pieces
 61522 | Depths:4 | Bought a potion of haste for 210 gold pieces
 61749 | Depths:4 | Found a gate to the Realm of Zot.
 62844 | Vaults:5 | Entered Level 5 of the Vaults
 62846 | Vaults:5 | Reached ****** piety under Sif Muna
 62847 | Vaults:5 | Reached skill level 5 in Summonings
 62871 | Vaults:5 | Received a gift from Sif Muna
 62873 | Vaults:5 | Reached XP level 25. HP: 187/194 MP: 18/45
 62873 | Vaults:5 | Got Sif Muna's Volume of Viperous Bewitchment {god gift}
 62896 | Vaults:5 | Noticed an ancient lich
 62898 | Vaults:5 | Killed an ancient lich
 62984 | Vaults:4 | Learned a level 2 spell: Blink
 63723 | Vaults:5 | Identified the staff "Idur" {rElec rPois Dex-4 Conj}
 63741 | Vaults:5 | Identified the +0 morningstar "Rumuuschi" {antimagic,
                  | Will++}
 63800 | Vaults:5 | Identified the staff "Xeampo" {*Slow rF+ Int+3 Conj
                  | Alchemy}
 63810 | Vaults:5 | Identified the +1 war axe "Yli Xeko" {speed, rC+ Will-
                  | Dex+4 SInv}
 64017 | Vaults:5 | Found the +2 cloak of the Thief {*Fog Slay-2 SInv Stlth+}
 64356 | Vaults:5 | Got a silver rune of Zot
 64889 | Zot:1    | Entered Level 1 of the Realm of Zot
 64928 | Zot:1    | Received a gift from Sif Muna
 64929 | Zot:1    | Reached skill level 10 in Summonings
 65056 | Zot:1    | Got Sif Muna's Enchiridion on Kinetic Energy and Leadership
                  | {god gift}
 65442 | Zot:1    | Identified the +4 ring mail "Yssatyoj" {rF+ rN+ Str-3}
 65917 | Zot:1    | Reached XP level 26. HP: 168/202 MP: 37/45
 67031 | Zot:2    | Noticed a Killer Klown
 67783 | Zot:2    | Killed a Killer Klown
 67783 | Zot:2    | Noticed a Killer Klown
 67786 | Zot:2    | Killed a Killer Klown
 67840 | Zot:2    | Identified the staff "Hanetz" {rPois rC- Str+3 Conj}
 67877 | Zot:2    | Reached skill level 15 in Spellcasting
 67881 | Zot:2    | Received a gift from Sif Muna
 71412 | Zot:4    | Reached XP level 27. HP: 207/209 MP: 41/46
 71444 | Zot:5    | Entered Level 5 of the Realm of Zot
 71825 | Zot:5    | Received a gift from Sif Muna
 71826 | Zot:5    | Got Sif Muna's Elucidation of the Lethal Wayfarer {god
                  | gift}
 72346 | Zot:5    | Noticed an orb of fire
 72352 | Zot:5    | Killed an orb of fire
 72454 | Zot:5    | Noticed an orb of fire
 72459 | Zot:5    | Killed an orb of fire
 72547 | Zot:5    | Noticed a dread lich
 72557 | Zot:5    | Killed a dread lich
 72627 | Zot:5    | Noticed an orb of fire
 72632 | Zot:5    | Killed an orb of fire
 73210 | Zot:5    | Noticed a dread lich
 73221 | Zot:5    | Killed a dread lich
 73310 | Zot:5    | Noticed a dread lich
 73346 | Zot:5    | Killed a dread lich
 73833 | Zot:5    | Noticed a dread lich
 73843 | Zot:5    | Killed a dread lich
 73927 | Zot:5    | Noticed an orb of fire
 73929 | Zot:5    | Gained mutation: Armour fits poorly on your strangely
                  | shaped body. [an orb of fire]
 73936 | Zot:5    | Killed an orb of fire
 74224 | Zot:5    | Received a gift from Sif Muna
 74226 | Zot:5    | Got Kese's Folio of Haze {god gift}
 74233 | Zot:5    | Got the Orb of Zot
 74270 | Zot:5    | Noticed Jaosul the pandemonium lord
 74323 | Zot:1    | Noticed Nerief the pandemonium lord
 74381 | Depths:1 | Noticed Boris
 74383 | Depths:1 | Killed Boris
 74395 | D:15     | Noticed Oxkiwoal the pandemonium lord
 74706 | D:$      | Escaped with the Orb!

Illustrated notes

Levels and vault maps discovered:
D:1:      dreamdust_arrival_sigmund_warning, layout_basic, minmay_crystal_water
D:2:      layout_loops_ring, serial_shops, nicolae_shop_scrapyard,
          nicolae_ecumenical_snake_handling
D:3:      layout_basic, kennysheep_doodads, serial_bayou_ford_a,
          dk_noncrumbling_3, kennysheep_generic_room_14
D:4:      layout_basic, mainiacjoe_overflow_alcove_2, nicolae_take_the_stairs,
          st_stairs_10
D:5:      layout_gridville
D:6:      layout_loops_ring, nicolae_ru_the_path_less_chosen
D:7:      layout_cave_pools, mainiacjoe_overflow_alcove_1, led_sif_pool,
          minmay_temple_entry_hall, serial_shops, kennysheep_mini, uniq_joseph,
          uniq_maurice, uniq_pikel
D:8:      layout_basic, lemuel_coloured_pillars_altar, serial_shops,
          nicolae_shop_hallway_stairs, minmay_shattered_shrine
D:9:      layout_stronghold, mainiacjoe_overflow_concentric_impassable,
          david_lair_generic, serial_shops, shop, enter_bailey_7,
          dk_noncrumbling_2
D:10:     layout_cave_pools, cheibrodos_ashenzari_chains, chequers_arboretum
D:11:     layout_rooms, david_orc_4, serial_shops,
          nicolae_shop_temple_entry_statues_fountains, nicolae_shop_peninsula,
          uniq_harold, uniq_fannar, uniq_nergalle
D:12:     layout_rooms, serial_shops, kennysheep_mini_moat
D:13:     layout_roguey, uniq_azrael, uniq_urug
D:14:     layout_irregular_city, hellmonk_vaults_keyhole, bloody_trog
D:15:     grunt_enter_depths_hoard, layout_rooms, grunt_dithmenos_smoke,
          hive_lemuel
Temple:   regret_index_temple_generic_petals
Lair:1:   layout_loops_ring, minmay_stone_trees_small,
          nzn_masters_of_martial_movement
Lair:2:   layout_roguey, mainiacjoe_swamp_entry_angry_trees, serial_bayou,
          serial_bayou_crossing, serial_bayou_lagoon_a, serial_bayou_pond_d,
          serial_bayou_shore_b, serial_bayou_shore_a, serial_bayou_pond_d,
          kennysheep_abandoned_house, lemuel_fruit_tree
Lair:3:   layout_loops_ring, minmay_snake_entry_guardpost_small
Lair:4:   layout_regular_city, grunt_megastairs_1
Lair:5:   minmay_lair_end_frog_pond, layout_misc_corridors, slime_entry_1,
          columned_hall_lemuel
Swamp:1:  layout_basic_swamp, evilmike_swamp_ruin_house_6
Swamp:2:  layout_falls_marsh, nicolae_swamp_orc_logging_accident, swamp_pool_5,
          nicolae_swamp_catching_bugs, infiniplex_staircase_pool_2
Swamp:3:  layout_basic_swamp, evilmike_swamp_ruin_wall,
          nicolae_swamp_fairy_circle, nicolae_swamp_nymph_family_reunion
Swamp:4:  swamp, layout_basic_swamp, nzn_swamp_dancing_lights, uniq_nikola,
          uniq_louise
Snake:1:  layout_honeycomb, drop_trap, nicolae_shop_firing_range
Snake:2:  layout_layer_cave, grunt_megastairs_2
Snake:3:  layout_cave_town, nicolae_alphabet_shops, nicolae_integral_box
Snake:4:  hellmonk_snake_rune_quicksilver_temple, layout_basic,
          statue_in_the_mist_lemuel, nicolae_zig_zag_zippers
Orc:1:    lemuel_ogre_cave, layout_caves, bh_open_orc_temple
Orc:2:    st_orc_open, layout_caves
Vaults:1: nicolae_vaults_little_squares_2, nicolae_vaults_more_shelving_2,
          nicolae_vaults_rhombus_5, v_alt_pattern_2, v_alt_pattern_2,
          nicolae_vaults_network_periphery, nicolae_vaults_octothorpe,
          ontoclasm_vaults_spin, nicolae_vaults_closet_pinwheel_3,
          grunt_vaults_diagonal, vaults_dpeg_ring,
          serial_library_hellmonk_semicircle, layout_vaults_maze_snakey,
          uniq_donald
Vaults:2: gammafunk_ghost_ooze, nicolae_vaults_know_your_exits,
          vaults_mumra_minichess_inversion, hangedman_vaults_stream,
          ontoclasm_vaults_ring_large, hangedman_vaults_nodes,
          nicolae_vaults_diagonal_hallway_8, minmay_crypt_entry_simple_plaza,
          v_misc_5, nicolae_vaults_trapezoid_4, nicolae_vaults_tetromino_L_1,
          nicolae_vaults_two_Ls, layout_vaults_omnicross, uniq_mennas
Vaults:3: vaults_mumra_lcd, nicolae_vaults_tetromino_T_1,
          nicolae_vaults_enemy_cabinets, nicolae_vaults_triangles, v_rooms_4,
          nicolae_vaults_apartment_1, ontoclasm_vaults_decontamination,
          vaults_standard_mumra_enter_the_diamond,
          nicolae_vaults_little_squares_2, nicolae_vaults_house_1,
          vaults_mumra_hex, layout_vaults_ring, uniq_jory, uniq_boris
Vaults:4: mu_enter_wizlab_5, nicolae_vaults_hexular_roomagon,
          nicolae_vaults_network_square, nicolae_vaults_variable_pillar_hall,
          nicolae_vaults_closet_pinwheel_6, ontoclasm_vaults_idyll,
          sword_in_stone, nicolae_vaults_heart-shaped_vault,
          nicolae_vaults_apartment_1, vaults_dpeg_hooks,
          nicolae_vaults_tangram_1, layout_vaults_chaotic_city, serial_shops,
          statue_bzr
Vaults:5: serial_shops
Depths:1: minmay_chopped_fan, layout_cave_pools, enter_ziggurat_a,
          lightli_too_deep, kennysheep_two_boxes
Depths:2: hangedman_crystal_crosses_colossus [crystal_crosses_arms_four,
          crystal_crosses_arms_four, crystal_crosses_arms_one], hell_entry,
          pan_entry
Depths:3: hellmonk_hyper_hexagons [hex_subvault_four_corners,
          hex_subvault_bowtie, hex_subvault_channel, hex_subvault_dug_out,
          hex_subvault_rings, hex_subvault_big_grid, hex_subvault_village],
          serial_shops, hell_entry, abyss_entry, uniq_margery
Depths:4: lemuel_castle_with_subvaults [lemuel_castle_interior_carwin_3],
          layout_cave_shapes, pf_hell_entry_tar_river,
          ebering_ghost_reflecting_pool, nrook_mini_backslash, abyss_entry,
          serial_shops, nicolae_shop_tiny_glass, nzn_hepliaklqana_mist_gate,
          minmay_shop_star
Zot:1:    grunt_twist_and_shout, layout_onion_interference, uniq_josephina
Zot:2:    kennysheep_spiral_hall, layout_gridlike, lemuel_elevator
Zot:3:    layout_onion
Zot:4:    layout_twisted_circle, nicolae_zot_crop_circle
Zot:5:    layout_gridlike

Skill      XL: |  1  2  3  4  5  6  7  8  9 10 11 12 13 14 15 16 17 18 19 20 21 22 23 24 25 26 27 |
---------------+----------------------------------------------------------------------------------+-----
Fighting       | 1 3 5 |  5.0
Spellcasting   | 2 3 5 6 8 9 10 11 12 13 14 15 16 | 16.6
Conjurations   | 2 3 4 6 7 8 10 11 12 13 15 16 17 18 19 20 21 22 | 22.5
Earth Magic    | 4 5 7 9 10 12 13 14 15 16 17 19 22 25 27 | 27.0
Stealth        | 2 4 5 |  5.0
Invocations    | 2 4 6 8 9 12 13 14 15 16 18 19 22 | 22.0
Alchemy        | 1 4 5 7 8 9 |  9.2
Armour         | 3 5 |  5.7
Shields        | 3 6 |  6.6
Hexes          | 3 7 9 11 | 11.6
Dodging        | 2 3 |  3.5
Summonings     | 6 11 14 | 14.2

Action                     |  1- 3 |  4- 6 |  7- 9 | 10-12 | 13-15 | 16-18 | 19-21 | 22-24 | 25-27 || total
---------------------------+-------+-------+-------+-------+-------+-------+-------+-------+-------++-------
  Melee: Dagger            |     9 |       |       |       |       |       |       |       |       ||     9
         Staff             |     5 |     9 |     6 |    10 |    56 |    11 |    10 |     1 |     1 ||   109
  Throw: Dart              |       |       |       |     8 |     1 |     5 |       |       |       ||    14
   Cast: Sandblast         |    45 |    85 |    67 |    40 |    37 |       |       |       |       ||   274
         Stone Arrow       |       |    12 |    69 |   226 |   460 |   214 |   330 |    26 |       ||  1337
         Brom's Barrelling |       |       |    14 |    32 |    16 |       |       |       |       ||    62
         Irradiate         |       |       |       |     4 |    71 |   112 |    62 |    35 |     7 ||   291
         Lee's Rapid Decon |       |       |       |       |    84 |    31 |    43 |   188 |    11 ||   357
         Petrify           |       |       |       |       |     7 |     8 |     1 |       |       ||    16
         Bombard           |       |       |       |       |       |   294 |   337 |   299 |       ||   930
         Yara's Violent Un |       |       |       |       |       |     7 |     6 |     2 |     4 ||    19
         Iskenderun's Batt |       |       |       |       |       |    38 |   146 |    19 |       ||   203
         Borgnjor's Vile C |       |       |       |       |       |       |    43 |    66 |    24 ||   133
         Shatter           |       |       |       |       |       |       |       |    95 |   373 ||   468
         Lehudib's Crystal |       |       |       |       |       |       |       |    14 |   141 ||   155
         Spellforged Servi |       |       |       |       |       |       |       |       |    89 ||    89
         Blink             |       |       |       |       |       |       |       |       |     1 ||     1
 Invoke: Channel Magic     |       |       |       |       |     6 |     6 |    19 |     7 |    15 ||    53
  Evoke: Wand              |       |       |    11 |    15 |    16 |     6 |     1 |     1 |     7 ||    57
         Tin of tremorston |       |       |       |       |     2 |     1 |       |       |       ||     3
         Lightning rod     |       |       |       |       |       |     7 |     8 |     1 |       ||    16
         Phial of floods   |       |       |       |       |       |     1 |     1 |       |     1 ||     3
         Phantom mirror    |       |       |       |       |       |     1 |     1 |       |       ||     2
    Use: Scroll            |       |     5 |     2 |    11 |    14 |     7 |    15 |     6 |    10 ||    70
         Potion            |       |       |     3 |       |     1 |     3 |    11 |     3 |    10 ||    31
   Stab: Sleeping          |     2 |       |       |       |       |       |       |       |       ||     2
         Distracted        |       |       |       |       |       |     1 |       |       |       ||     1
         Petrified         |       |       |       |       |       |     1 |       |       |       ||     1
 Armour: Robe              |    22 |    38 |    75 |    31 |       |       |       |       |       ||   166
         Steam dragon scal |       |       |       |    61 |       |       |       |       |       ||    61
         Troll leather arm |       |       |       |    15 |   310 |   287 |   331 |   267 |   266 ||  1476
  Dodge: Dodged            |    28 |    39 |    77 |    82 |   185 |   120 |   128 |    83 |   110 ||   852
  Block: Buckler           |       |       |       |       |   126 |    74 |   100 |       |       ||   300
